[Event "Titled Tuesday Blitz January 11 2022"]
[White "Leiva, Gianmarco"]
[Black "Real De Azua, Ernesto"]
[WhiteFideId "3804399"]
[BlackFideId "108154"]
[WhiteElo "2328"]
[BlackElo "2476"]
[Result "1-0"]
[Round "08"]
[TimeControl "180+1"]
[Date "2022.01.11"]
[WhiteClock "0:00:07"]
[BlackClock "0:00:03"]

1. e4 e5 2. Nf3 Nc6 3. Bc4 Nf6 4. d3 Bc5 5. O-O d6 6. c3 a5 7. Re1 O-O 8. h3 h6 9. Nbd2 Be6 10. Bb5 Ba7 11. Nf1 Ne7 12. Ng3 Ng6 13. d4 exd4 14. cxd4 d5 15. e5 Ne4 16. Bd3 c5 17. Nxe4 dxe4 18. Bxe4 cxd4 19. Bxb7 Rb8 20. Be4 Qd7 21. b3 Rfd8 22. Ba3 d3 23. Bd6 Nf4 24. Bxb8 Rxb8 25. Qd2 g5 26. Re3 Rc8 27. Rxd3 Nxd3 28. Qxd3 Qe7 29. Rd1 Qb4 30. Bh7+ Kg7 31. Bf5 Qc5 32. Bxe6 fxe6 33. Qd7+ Kf8 34. Qxe6 Qxf2+ 35. Kh1 Qc2 36. Qf6+ Kg8 37. Rf1 Rf8 38. Qxh6 Be3 39. Qh5 Qf5 40. Qg4 Qd3 41. Re1 Bf4 42. Qe6+ Kg7 43. Qc4 Qf5 44. Qe4 Qe6 45. Qb7+ Rf7 46. Qe4 Bg3 47. Rd1 Bf4 48. Rd6 Qxe5 49. Qg6+ Kf8 50. Re6 Qa1+ 51. Re1 Qf6 52. Qxf6 Rxf6 53. Rd1 Re6 54. h4 g4 55. Nh2 Kg7 56. Nxg4 Re2 57. Kg1 Rxa2 58. Kf1 Rb2 59. Nf2 Rxb3 60. Nd3 Be3 61. Ke2 Bd4 62. Rc1 a4 63. Rc4 Bf6 64. Rxa4 Rc3 65. Ra7+ Kg6 66. Ra6 Rc2+ 67. Kf3 Rc3 68. Ke4 Kg7 69. g4 Rc4+ 70. Kf3 Bxh4 71. Ra7+ Kg6 72. Ne5+ Kf6 73. Nxc4 1-0


[Site "https://www.chess.com"]

[Event "Titled Tuesday Blitz January 11 2022"]
[White "Moroni, Luca Jr"]
[Black "Maghsoodloo, Parham"]
[WhiteFideId "865834"]
[BlackFideId "12539929"]
[WhiteElo "2573"]
[BlackElo "2630"]
[Result "1-0"]
[Round "08"]
[TimeControl "180+1"]
[Date "2022.01.11"]
[WhiteClock "0:01:56"]
[BlackClock "0:02:02"]

1. d4 Nf6 2. c4 e6 3. Nc3 Bb4 4. Nf3 O-O 5. Bg5 h6 6. Bh4 d6 7. e3 Nbd7 8. Be2 b6 9. Nd2 Bb7 10. O-O Bxc3 11. bxc3 c5 12. a4 Qc7 13. Bg3 Rfe8 14. h3 e5 15. d5 e4 16. Qc2 Bc8 17. a5 Rb8 18. axb6 axb6 19. Ra3 Nf8 20. Rfa1 Ng6 21. Ra7 Rb7 22. Ra8 Ra7 23. R8xa7 1-0


[Site "https://www.chess.com"]

[Event "Titled Tuesday Blitz January 11 2022"]
[White "Moskalenko, Alexander"]
[Black "Murzin, Volodar"]
[WhiteFideId "4155351"]
[BlackFideId "44155573"]
[WhiteElo "2515"]
[BlackElo "2585"]
[Result "1-0"]
[Round "08"]
[TimeControl "180+1"]
[Date "2022.01.11"]
[WhiteClock "0:00:47"]
[BlackClock "0:00:02"]

1. Nf3 Nf6 2. g3 g6 3. b3 Bg7 4. Bb2 O-O 5. Bg2 d6 6. d4 Nbd7 7. O-O e5 8. dxe5 Ng4 9. c4 Re8 10. Nc3 dxe5 11. h3 Nh6 12. e4 f6 13. Qd2 Nf7 14. Rfd1 c6 15. b4 Qc7 16. c5 Nf8 17. Ne2 Be6 18. Qc2 Red8 19. a3 a5 20. Kh2 Bh6 21. Ne1 axb4 22. axb4 Rxa1 23. Bxa1 Rxd1 24. Qxd1 Qd7 25. Qxd7 Nxd7 26. Bc3 Bc4 27. Ng1 b6 28. cxb6 Nxb6 29. f4 Nd7 30. Bd2 Nd6 31. Be3 Nb5 32. Ngf3 Nc3 33. Nc2 exf4 34. Bxf4 Bxf4 35. gxf4 Bd3 36. Nfd4 c5 37. bxc5 Nxc5 38. e5 fxe5 39. fxe5 Bxc2 40. Nxc2 Kf7 41. Nd4 N3e4 42. h4 Ke7 43. Bf3 Nd2 44. Bd5 Nd3 45. Nc6+ 1-0


[Site "https://www.chess.com"]

[Event "Titled Tuesday Blitz January 11 2022"]
[White "Narayanan.S.L"]
[Black "Santos Ruiz, Miguel"]
[WhiteFideId "5058422"]
[BlackFideId "22291482"]
[WhiteElo "2494"]
[BlackElo "2486"]
[Result "1-0"]
[Round "08"]
[TimeControl "180+1"]
[Date "2022.01.11"]
[WhiteClock "0:02:22"]
[BlackClock "0:01:37"]

1. e4 c5 2. Bc4 e6 3. d3 d5 4. Bb3 Nc6 5. Nc3 dxe4 6. Nxe4 Nf6 7. Nxf6+ gxf6 8. Ne2 b6 9. Be3 Bb7 10. Qd2 Rg8 11. O-O-O Qc7 12. Nf4 O-O-O 13. Nxe6 fxe6 14. Bxe6+ Kb8 15. Bxg8 c4 16. Bxc4 Ne5 17. Bf4 Bd6 18. Bxe5 Bxe5 19. Kb1 Bxg2 20. Rhg1 Bb7 21. Bb3 a5 22. a4 Ka7 23. h4 Qc5 24. Rg4 Rd4 25. Rxd4 Qxd4 26. c3 Qxh4 27. d4 Bd6 28. Re1 h5 29. Bc2 Qg4 30. Qe2 Bf3 31. Qe6 Bc7 32. Qxg4 hxg4 33. Be4 Bxe4+ 34. Rxe4 f5 35. Re7 Kb7 36. Rf7 f4 37. Kc2 g3 38. fxg3 fxg3 39. Kd3 Kc6 40. Rg7 Bd6 41. Rg6 Kd5 42. c4+ Kc6 43. Ke4 Kd7 44. Rxd6+ Kxd6 45. Kf3 Ke6 46. Kxg3 Kf5 47. d5 Ke5 48. b3 Kd6 49. Kf4 Kc5 50. Ke5 Kb4 51. d6 Kxb3 52. d7 Kxc4 53. d8=Q b5 54. Qxa5 bxa4 55. Qxa4+ Kc5 56. Qc2+ Kb6 57. Kd5 Ka5 58. Qb2 Ka6 59. Kc5 Ka5 60. Qa2# 1-0


[Site "https://www.chess.com"]

[Event "Titled Tuesday Blitz January 11 2022"]
[White "Onyshchuk, Volodymyr"]
[Black "Muradli, Mahammad"]
[WhiteFideId "14114038"]
[BlackFideId "13409301"]
[WhiteElo "2642"]
[BlackElo "2645"]
[Result "0-1"]
[Round "08"]
[TimeControl "180+1"]
[Date "2022.01.11"]
[WhiteClock "0:00:06"]
[BlackClock "0:00:10"]

1. g3 d5 2. Bg2 c6 3. b3 Nf6 4. Bb2 g6 5. d3 Bg7 6. Nd2 O-O 7. Ngf3 Re8 8. O-O Nbd7 9. e4 e5 10. Re1 Qc7 11. Rc1 a5 12. a3 dxe4 13. dxe4 b5 14. Qe2 Ba6 15. Qe3 b4 16. a4 Ng4 17. Qg5 h5 18. Qh4 Qb6 19. Rf1 Bf6 20. Qh3 Rad8 21. Bh1 Nf8 22. Qg2 Bg5 23. Nxg5 Rxd2 24. Qf3 f6 25. h3 Be2 26. Qg2 Bxf1 27. Rxf1 Nxf2 28. Rxf2 Qxf2+ 29. Qxf2 Rxf2 30. Kxf2 fxg5 31. Bg2 Nd7 32. Bf1 Nf6 33. Ke3 Nd7 34. c3 bxc3 35. Bxc3 Ra8 36. Bc4+ Kf8 37. Be6 Ke7 38. Bc4 Kd6 39. Bf7 h4 40. gxh4 gxh4 0-1


[Site "https://www.chess.com"]

[Event "Titled Tuesday Blitz January 11 2022"]
[White "Ozer, Omer Faruk"]
[Black "Terry, Renato"]
[WhiteFideId "6354564"]
[BlackFideId "3803457"]
[WhiteElo "2050"]
[BlackElo "2577"]
[Result "0-1"]
[Round "08"]
[TimeControl "180+1"]
[Date "2022.01.11"]
[WhiteClock "0:00:18"]
[BlackClock "0:00:47"]

1. e4 e6 2. d4 d5 3. Nc3 Nf6 4. Bg5 Bb4 5. e5 h6 6. Be3 Ne4 7. Qg4 Kf8 8. a3 Bxc3+ 9. bxc3 c5 10. Bd3 Nxc3 11. Nf3 c4 12. Bf1 Qb6 13. Nd2 Qb2 14. Rd1 Qxc2 15. Be2 Nxd1 16. Bxd1 Qd3 17. Be2 Qxa3 18. O-O Nc6 19. h4 Bd7 20. h5 b5 21. Bf3 Ne7 22. Nb1 Qa5 23. Nd2 Rc8 24. Qf4 Qa2 25. g4 c3 26. g5 hxg5 27. Qxg5 cxd2 28. Bxd2 a5 29. Kh2 Qa3 30. Rg1 Nf5 31. Bg4 Qe7 32. Qxe7+ Nxe7 0-1


[Site "https://www.chess.com"]

[Event "Titled Tuesday Blitz January 11 2022"]
[White "Panesar Vedant"]
[Black "Vlassov, Nikolai"]
[WhiteFideId "35033018"]
[BlackFideId "4103360"]
[WhiteElo "1971"]
[BlackElo "2407"]
[Result "1-0"]
[Round "08"]
[TimeControl "180+1"]
[Date "2022.01.11"]
[WhiteClock "0:01:13"]
[BlackClock "0:01:39"]

1. d4 Nf6 2. Nf3 e6 3. c4 Nc6 4. a3 g6 5. Nc3 Bg7 6. e4 d5 7. cxd5 exd5 8. e5 Ne4 9. Bd3 Bf5 10. O-O O-O 11. Re1 Nxc3 12. bxc3 Bxd3 13. Qxd3 Na5 14. Bg5 Qd7 15. Qe3 Nc4 16. Qf4 Rae8 17. Qh4 Re6 18. Re2 f6 19. Bh6 fxe5 20. dxe5 Bxh6 21. Qxh6 Qg7 22. Qh3 Rfe8 23. Rae1 Nxe5 24. Nxe5 Rxe5 25. Rxe5 Rxe5 26. Qc8+ 1-0


[Site "https://www.chess.com"]

[Event "Titled Tuesday Blitz January 11 2022"]
[White "Piesik, Piotr"]
[Black "Rustemov, Alexander"]
[WhiteFideId "1136194"]
[BlackFideId "4119002"]
[WhiteElo "2232"]
[BlackElo "2813"]
[Result "0-1"]
[Round "08"]
[TimeControl "180+1"]
[Date "2022.01.11"]
[WhiteClock "0:02:09"]
[BlackClock "0:01:45"]

1. Nf3 d5 2. g3 Nf6 3. Bg2 c6 4. O-O Bf5 5. d3 e6 6. Nbd2 h6 7. Qe1 Be7 8. e4 Bh7 9. Qe2 O-O 10. b3 c5 11. Bb2 Nc6 12. Ne5 Nd4 13. Qd1 Qc7 14. f4 Rfd8 15. c3 Nc6 16. Nxc6 Qxc6 17. Qe2 Qb6 18. c4 dxe4 19. dxe4 Qa5 20. Rfd1 Rd7 21. e5 Ne8 22. Ne4 Rad8 23. Bc3 Rxd1+ 24. Rxd1 Rxd1+ 25. Qxd1 Qxa2 26. Qd7 Qb1+ 27. Bf1 Bxe4 28. Qxe7 Bd3 29. Qxe8+ Kh7 0-1


[Site "https://www.chess.com"]

[Event "Titled Tuesday Blitz January 11 2022"]
[White "Pinheiro, Iung Alicio de O."]
[Black "Boyer, Mahel"]
[WhiteFideId "2104350"]
[BlackFideId "45102422"]
[WhiteElo "2611"]
[BlackElo "2328"]
[Result "0-1"]
[Round "08"]
[TimeControl "180+1"]
[Date "2022.01.11"]
[WhiteClock "0:00:10"]
[BlackClock "0:00:09"]

1. d4 d5 2. c4 e6 3. Nc3 h6 4. cxd5 exd5 5. Bf4 Nf6 6. e3 Bd6 7. Bg3 O-O 8. Bd3 Re8 9. Nf3 Bg4 10. Qc2 Bxf3 11. gxf3 c6 12. Rg1 Bf8 13. Be5 Nbd7 14. f4 c5 15. O-O-O cxd4 16. exd4 Rc8 17. Kb1 b5 18. Bxb5 Ne4 19. Ba4 Nxc3+ 20. bxc3 f6 21. Bxd7 Qxd7 22. Bxf6 Re6 23. Be5 Rb6+ 24. Ka1 Rbc6 25. Rg3 Bb4 26. Rdd3 Qf5 27. Rxg7+ Kf8 28. Rg8+ Kf7 29. Rxc8 Rxc8 30. Kb2 Rc6 31. Rg3 Ba3+ 32. Kb3 Rb6+ 33. Kxa3 Qxc2 34. Rg7+ Ke6 35. Rxa7 Qb2+ 36. Ka4 Qxa2# 0-1


[Site "https://www.chess.com"]

[Event "Titled Tuesday Blitz January 11 2022"]
[White "Piorun, Kacper"]
[Black "Lenderman, Aleksandr"]
[WhiteFideId "1130420"]
[BlackFideId "2021285"]
[WhiteElo "2571"]
[BlackElo "2651"]
[Result "1-0"]
[Round "08"]
[TimeControl "180+1"]
[Date "2022.01.11"]
[WhiteClock "0:00:47"]
[BlackClock "0:00:12"]

1. Nf3 b6 2. e4 Bb7 3. Nc3 e6 4. d4 Bb4 5. Bd3 d5 6. e5 c5 7. a3 Bxc3+ 8. bxc3 Ne7 9. h4 Qc7 10. h5 h6 11. a4 Ba6 12. Bd2 Bxd3 13. cxd3 Nbc6 14. Rh4 Nf5 15. Rf4 c4 16. g4 Nfe7 17. Qe2 Na5 18. Rb1 cxd3 19. Qxd3 Qc4 20. Qxc4 Nxc4 21. Bc1 Rc8 22. Nd2 Na5 23. Rf3 O-O 24. Ba3 Rc7 25. Bd6 Rd7 26. Ke2 Rc8 27. Rg1 Nc4 28. Bxe7 Rxe7 29. g5 hxg5 30. Rxg5 Nxd2 31. Kxd2 Kh7 32. Rfg3 Rg8 33. f4 a6 34. f5 exf5 35. Rxf5 b5 36. a5 Rge8 37. Rfg5 f6 38. exf6 gxf6 39. Rxd5 Kh6 40. Rd6 Re6 41. Rxe6 Rxe6 42. Kd3 f5 43. d5 Rf6 44. Kd4 f4 45. Rf3 Kxh5 46. Ke5 Kg5 47. d6 Rf5+ 48. Ke6 Kg4 49. d7 Rf8 50. Ke7 Rh8 51. Rd3 Rh7+ 52. Kd6 Rh8 53. Kc7 f3 54. d8=Q Rxd8 55. Rxd8 1-0


[Site "https://www.chess.com"]

[Event "Titled Tuesday Blitz January 11 2022"]
[White "Preotu, Razvan"]
[Black "Salimova, Nurgyul"]
[WhiteFideId "2613280"]
[BlackFideId "2915138"]
[WhiteElo "2407"]
[BlackElo "2185"]
[Result "1-0"]
[Round "08"]
[TimeControl "180+1"]
[Date "2022.01.11"]
[WhiteClock "0:00:14"]
[BlackClock "0:00:02"]

1. e4 c6 2. Nc3 d5 3. Nf3 dxe4 4. Nxe4 Nf6 5. Qe2 Nxe4 6. Qxe4 Be6 7. b3 Nd7 8. Bb2 Nf6 9. Qf4 Bd5 10. Ne5 g5 11. Qb4 Bg7 12. c4 Be6 13. Qxb7 O-O 14. Nxc6 Qd6 15. Be5 Qa3 16. Qxe7 Qa6 17. Qd6 Kh8 18. Qd4 Rfe8 19. O-O-O Qxc6 20. Bxf6 Bxf6 21. Qxf6+ Kg8 22. Qxg5+ Kh8 23. Qf6+ Kg8 24. Bd3 Rad8 25. Bc2 Qc5 26. d4 Qa3+ 27. Kb1 Bxc4 28. Qh6 1-0


[Site "https://www.chess.com"]

[Event "Titled Tuesday Blitz January 11 2022"]
[White "Sadhwani, Raunak"]
[Black "Gaehwiler, Gabriel"]
[WhiteFideId "35093487"]
[BlackFideId "1314530"]
[WhiteElo "2616"]
[BlackElo "2383"]
[Result "1-0"]
[Round "08"]
[TimeControl "180+1"]
[Date "2022.01.11"]
[WhiteClock "0:01:48"]
[BlackClock "0:00:14"]

1. d4 Nf6 2. Nf3 b6 3. Bf4 Bb7 4. e3 g6 5. c4 Bg7 6. Nc3 Ne4 7. h4 h6 8. Qc2 Nxc3 9. bxc3 c5 10. d5 d6 11. Bd3 Nd7 12. e4 Ne5 13. Nxe5 dxe5 14. Be3 Qd6 15. f3 O-O 16. Qd2 Kh7 17. h5 g5 18. O-O Rg8 19. a4 Bf6 20. a5 Kh8 21. g4 Qb8 22. Rfb1 Qc7 23. Qb2 Rgb8 24. Ra3 Bc8 25. Rb3 Bd7 26. axb6 axb6 27. Rxb6 Rxb6 28. Qxb6 Qxb6 29. Rxb6 Ra3 30. Bxc5 Rxc3 31. Be2 Rc2 32. Kf2 Kh7 33. Rb7 Ba4 34. Bxe7 1-0


[Site "https://www.chess.com"]

[Event "Titled Tuesday Blitz January 11 2022"]
[White "Safarli, Eltaj"]
[Black "Ezat, Mohamed"]
[WhiteFideId "13402129"]
[BlackFideId "10600906"]
[WhiteElo "2634"]
[BlackElo "2386"]
[Result "1-0"]
[Round "08"]
[TimeControl "180+1"]
[Date "2022.01.11"]
[WhiteClock "0:00:52"]
[BlackClock "0:00:54"]

1. e4 c6 2. d4 d5 3. exd5 cxd5 4. c4 Nf6 5. Nc3 g6 6. Qb3 Bg7 7. cxd5 O-O 8. Be2 Na6 9. Bf3 Qb6 10. Qxb6 axb6 11. Nge2 Rd8 12. O-O Nb4 13. d6 Rxd6 14. Bf4 Rd7 15. Rfd1 Nfd5 16. Be5 e6 17. Rac1 Bf8 18. a3 Nc6 19. Nxd5 exd5 20. Bf4 Bg7 21. Be3 Rd8 22. Nc3 Be6 23. Nb5 Rac8 24. Bg5 Rd7 25. h3 Re8 26. Bf4 Rc8 27. Rc3 h6 28. Rdc1 Rf8 29. Rd1 Rc8 30. Bg4 Bxg4 31. hxg4 Re8 32. Re3 Re4 33. Rxe4 dxe4 34. d5 Ne5 35. Bxe5 Bxe5 36. b4 f5 37. gxf5 gxf5 38. Kf1 Kf7 39. Ke2 h5 40. f3 exf3+ 41. Kxf3 Kf6 42. Rd3 Rg7 43. Rd2 Rg3+ 44. Kf2 Rg7 45. a4 f4 46. a5 bxa5 47. bxa5 Kf5 48. d6 Rd7 49. Kf3 Ke6 50. Ke4 Bxd6 51. Rxd6+ Rxd6 52. Nxd6 Kxd6 53. Kxf4 Kc5 54. Kg5 Kb5 55. Kxh5 Kxa5 56. g4 b5 57. g5 b4 58. g6 b3 59. g7 b2 60. g8=Q b1=Q 61. Qa8+ 1-0


[Site "https://www.chess.com"]

[Event "Titled Tuesday Blitz January 11 2022"]
[White "Sarana, Alexey"]
[Black "Janaszak, Dawid"]
[WhiteFideId "24133795"]
[BlackFideId "1119206"]
[WhiteElo "2665"]
[BlackElo "2199"]
[Result "1-0"]
[Round "08"]
[TimeControl "180+1"]
[Date "2022.01.11"]
[WhiteClock "0:00:20"]
[BlackClock "0:00:17"]

1. d4 Nf6 2. c4 c5 3. d5 b5 4. cxb5 a6 5. bxa6 d6 6. Nc3 Bxa6 7. e4 Bxf1 8. Kxf1 g6 9. g3 Bg7 10. Kg2 O-O 11. Nf3 Qb6 12. Qc2 Na6 13. Bf4 Rfb8 14. Rhb1 Nd7 15. a4 Nc7 16. Nd2 Qa6 17. b3 e6 18. Nc4 exd5 19. Nxd6 Ne6 20. Ndb5 Nxf4+ 21. gxf4 dxe4 22. Qxe4 Nf6 23. Qf3 Rc8 24. Re1 Nh5 25. Rad1 Qf6 26. Nd5 Qh4 27. Ne7+ Kh8 28. Nxc8 Nxf4+ 29. Kh1 Rxc8 30. Nd6 Rf8 31. a5 Bd4 32. Re4 g5 33. Nf5 Qxf2 34. Nxd4 1-0


[Site "https://www.chess.com"]

[Event "Titled Tuesday Blitz January 11 2022"]
[White "Senthil Maran K"]
[Black "Bryakin, Mikhail"]
[WhiteFideId "25035681"]
[BlackFideId "4165314"]
[WhiteElo "2194"]
[BlackElo "2421"]
[Result "1-0"]
[Round "08"]
[TimeControl "180+1"]
[Date "2022.01.11"]
[WhiteClock "0:01:34"]
[BlackClock "0:02:15"]

1. d4 Nf6 2. Nf3 g6 3. g3 Bg7 4. Bg2 O-O 5. O-O d6 6. c4 Nc6 7. Nc3 Rb8 8. b3 a6 9. d5 Na5 10. Bg5 b5 11. cxb5 axb5 12. b4 Nc4 13. Nd4 Bd7 14. a4 h6 15. Bxf6 Bxf6 16. axb5 Qc8 17. Qd3 Nb6 18. Nc6 Ra8 19. Ra5 Bh3 20. Ne4 Bg7 21. Nxe7+ 1-0


[Site "https://www.chess.com"]

[Event "Titled Tuesday Blitz January 11 2022"]
[White "Shimanov, Aleksandr"]
[Black "Quispe Arteaga, Gabriel"]
[WhiteFideId "4198603"]
[BlackFideId "32059809"]
[WhiteElo "2636"]
[BlackElo "2229"]
[Result "0-1"]
[Round "08"]
[TimeControl "180+1"]
[Date "2022.01.11"]
[WhiteClock "0:00:02"]
[BlackClock "0:00:31"]

1. b3 e5 2. Bb2 Nc6 3. e3 Nf6 4. Nf3 Bd6 5. d3 Qe7 6. Nbd2 Ba3 7. Bxa3 Qxa3 8. c4 Qe7 9. a3 d6 10. b4 Bg4 11. Be2 O-O 12. O-O Rad8 13. Qc2 Nb8 14. Rfe1 Nbd7 15. Rac1 c6 16. Nb3 h6 17. Na5 Rb8 18. d4 e4 19. Nd2 Bxe2 20. Rxe2 Rfc8 21. c5 d5 22. Nf1 Rf8 23. a4 a6 24. Rb1 Qe6 25. b5 cxb5 26. axb5 b6 27. Nb3 axb5 28. Qb2 Rfc8 29. Rc2 b4 30. Ng3 h5 31. Ne2 g5 32. Rbc1 Rc6 33. cxb6 Rxc2 34. Qxc2 Qxb6 35. Ng3 h4 36. Nf5 Qe6 37. Nh6+ Kg7 38. Qc7 Kxh6 39. Rc6 Qf5 40. Nc5 Ra8 41. Na6 Kg7 42. h3 Nf8 43. Qe7 Ng6 44. Qxb4 g4 45. hxg4 Nxg4 46. Qd2 h3 47. gxh3 Nh4 48. hxg4 Qxg4+ 49. Kf1 Nf3 50. Ke2 Nxd2+ 0-1


[Site "https://www.chess.com"]

[Event "Titled Tuesday Blitz January 11 2022"]
[White "Taboas Rodriguez, Daniel"]
[Black "Howell, David W L"]
[WhiteFideId "2208466"]
[BlackFideId "410608"]
[WhiteElo "2429"]
[BlackElo "2559"]
[Result "0-1"]
[Round "08"]
[TimeControl "180+1"]
[Date "2022.01.11"]
[WhiteClock "0:00:31"]
[BlackClock "0:00:37"]

1. d4 d5 2. Nf3 e6 3. c4 Nf6 4. Bg5 Be7 5. e3 Nbd7 6. Nc3 h6 7. Bh4 O-O 8. Rc1 a6 9. c5 c6 10. b4 b6 11. Bd3 a5 12. b5 Bb7 13. cxb6 c5 14. O-O c4 15. Bb1 Qxb6 16. a4 Ba3 17. Rc2 Rfe8 18. Re2 Bd6 19. Qc2 g6 20. Ne5 Nxe5 21. Bxf6 Ng4 22. Bh4 Bxh2+ 23. Kh1 Bd6 24. f3 Nxe3 25. Rxe3 Qxd4 26. Bf2 Qf6 27. Ree1 Qf4 28. g3 Qxf3+ 29. Kg1 Bxg3 30. Re3 Bxf2+ 31. Rxf2 Qxe3 32. Kg2 Qxc3 0-1


[Site "https://www.chess.com"]

[Event "Titled Tuesday Blitz January 11 2022"]
[White "Tari, Aryan"]
[Black "Agibileg, Uurtsaikh"]
[WhiteFideId "1510045"]
[BlackFideId "4901606"]
[WhiteElo "2567"]
[BlackElo "2205"]
[Result "1-0"]
[Round "08"]
[TimeControl "180+1"]
[Date "2022.01.11"]
[WhiteClock "0:00:30"]
[BlackClock "0:00:03"]

1. d4 Nf6 2. Nf3 g6 3. c4 Bg7 4. Nc3 O-O 5. e4 d6 6. Be2 e5 7. d5 a5 8. Bg5 Na6 9. Nd2 Nc5 10. h4 h6 11. Be3 c6 12. g4 Nfd7 13. Qc2 a4 14. O-O-O Qa5 15. a3 Nb6 16. Kb1 Bd7 17. h5 g5 18. dxc6 bxc6 19. Nf3 Be6 20. Rxd6 Nxc4 21. Bxc4 Bxc4 22. Nxg5 Bd3 23. Rxd3 Nxd3 24. Qxd3 hxg5 25. Bxg5 Qa6 26. Qxa6 Rxa6 27. h6 f6 28. hxg7 Rf7 29. Bh6 Rd7 30. Kc2 Ra8 31. g5 fxg5 32. Bxg5 Kxg7 33. Be3 Kg6 34. Rh6+ Kf7 35. Rxc6 Rh8 36. Nxa4 Rh1 37. Nc3 Ra1 38. a4 Rb7 39. Rb6 Rc7 40. Kb3 Rf1 41. a5 Rd7 42. a6 Ra1 43. Rc6 Ke8 44. Rc8+ Ke7 45. a7 Rd8 46. Rxd8 Kxd8 47. Na4 Kd7 48. a8=Q Rxa4 49. Qxa4+ Ke6 50. Qc6+ Ke7 51. Bg5+ Kf7 52. Qd7+ 1-0


[Site "https://www.chess.com"]

[Event "Titled Tuesday Blitz January 11 2022"]
[White "Triapishko, Alexandr"]
[Black "Sipetin, Vladislav"]
[WhiteFideId "14122286"]
[BlackFideId "24176893"]
[WhiteElo "2479"]
[BlackElo "2228"]
[Result "1/2-1/2"]
[Round "08"]
[TimeControl "180+1"]
[Date "2022.01.11"]
[WhiteClock "0:00:03"]
[BlackClock "0:00:03"]

1. Nf3 Nf6 2. g3 d5 3. Bg2 c6 4. c4 Bg4 5. Ne5 Bf5 6. cxd5 cxd5 7. Nc3 e6 8. g4 Be4 9. Nxe4 Nxe4 10. Qa4+ Nd7 11. Bxe4 dxe4 12. Nxd7 Qxd7 13. Qxe4 Be7 14. O-O O-O 15. d3 f5 16. Qg2 Rac8 17. Bd2 Bf6 18. Bc3 Bxc3 19. bxc3 Rxc3 20. gxf5 exf5 21. Rac1 Rfc8 22. Rxc3 Rxc3 23. Qf3 b6 24. Rb1 h5 25. Kg2 Qf7 26. h4 Qxa2 27. Rb5 Rc5 28. Rxc5 bxc5 29. Qxf5 Qxe2 30. Qd5+ Kh7 31. Qf5+ Kg8 32. Qxc5 Qg4+ 33. Kf1 Qd1+ 34. Kg2 Qg4+ 35. Kf1 Qd1+ 36. Kg2 Qxd3 37. Qxh5 Qe4+ 38. Kg3 Qc6 39. Qa5 Qb6 40. Qd5+ Kh7 41. h5 Qc7+ 42. Kg2 Qb6 43. Qf5+ Kh6 44. Qf4+ Kxh5 45. Qf5+ Kh6 46. Qh3+ Kg6 47. Qd3+ Kf6 48. Qf3+ Ke7 49. Qe4+ Kf8 50. Qf5+ Kg8 51. Qc8+ Kf7 52. Qd7+ Kf6 53. f3 a5 54. Qd5 Qb2+ 55. Kh3 Qe5 56. Qc6+ Ke7 57. Qb7+ Kd6 58. Kg2 g5 59. Qb8+ Kd5 60. Qa8+ Kd6 61. Qd8+ Ke6 62. Qe8+ Kd5 63. Qb5+ Ke6 64. Qe8+ Kf6 65. Qh8+ Kf5 66. Qh7+ Kf4 67. Qf7+ Ke3 68. Qb3+ Kd2 69. Qa2+ Kd3 70. Qb3+ Kd4 71. Qb2+ Kd5 72. Qb5+ Ke6 73. Qe8+ 1/2-1/2


[Site "https://www.chess.com"]

[Event "Titled Tuesday Blitz January 11 2022"]
[White "Urquhart, Ed"]
[Black "Mokshanov, Alexey"]
[WhiteFideId "2603748"]
[BlackFideId "24121657"]
[WhiteElo "2184"]
[BlackElo "2141"]
[Result "0-1"]
[Round "08"]
[TimeControl "180+1"]
[Date "2022.01.11"]
[WhiteClock "0:00:20"]
[BlackClock "0:00:19"]

1. e4 e6 2. d4 d5 3. Nd2 Nf6 4. e5 Nfd7 5. c3 c5 6. f4 Nc6 7. Ndf3 Qb6 8. h4 f6 9. a3 Be7 10. Nh3 O-O 11. Bd3 Kh8 12. h5 cxd4 13. cxd4 Nxd4 14. Be3 Nxf3+ 15. Qxf3 Qb3 16. Qe2 fxe5 17. Bc2 Qxb2 18. O-O e4 19. h6 gxh6 20. Rab1 Qg7 21. Qh5 Nf6 22. Qe2 Ng4 23. Bc1 b6 24. f5 e5 25. Qb5 Bc5+ 26. Kh1 Bxf5 27. Qc6 Bd7 28. Qxd5 Rxf1+ 0-1


[Site "https://www.chess.com"]

[Event "Titled Tuesday Blitz January 11 2022"]
[White "Willow, Jonah B"]
[Black "Samunenkov, Ihor"]
[WhiteFideId "438804"]
[BlackFideId "14187086"]
[WhiteElo "2261"]
[BlackElo "2406"]
[Result "0-1"]
[Round "08"]
[TimeControl "180+1"]
[Date "2022.01.11"]
[WhiteClock "0:00:02"]
[BlackClock "0:01:03"]

1. e4 c5 2. Nf3 Nc6 3. Nc3 g6 4. d4 cxd4 5. Nxd4 Bg7 6. Be3 Nf6 7. Bc4 O-O 8. Bb3 Re8 9. f3 e6 10. f4 d6 11. O-O Na5 12. Qf3 b6 13. Ba4 Bd7 14. e5 Nd5 15. Bxd7 Qxd7 16. Nxd5 exd5 17. Qxd5 Rad8 18. e6 fxe6 19. Qf3 Nc4 20. Rae1 Nxb2 21. Qe2 Na4 22. Qg4 Nc5 23. h4 e5 24. Qxd7 Rxd7 25. fxe5 dxe5 26. Nf3 e4 27. Bxc5 bxc5 28. Ng5 e3 29. Re2 Rd2 30. Rfe1 Rxe2 31. Rxe2 Be5 32. Kh1 Bg3 33. Nf3 Rb8 34. Rxe3 Rb1+ 35. Ng1 Bf2 36. Re8+ Kf7 0-1


[Site "https://www.chess.com"]

[Event "Titled Tuesday Blitz January 11 2022"]
[White "Yeletsky, Ivan"]
[Black "Williams, Simon K"]
[WhiteFideId "24180327"]
[BlackFideId "404454"]
[WhiteElo "2348"]
[BlackElo "2468"]
[Result "1-0"]
[Round "08"]
[TimeControl "180+1"]
[Date "2022.01.11"]
[WhiteClock "0:00:16"]
[BlackClock "0:00:13"]

1. c4 f5 2. Nc3 Nf6 3. d4 e6 4. a3 g6 5. h4 Bg7 6. Bf4 h6 7. e3 d6 8. f3 Qe7 9. Nge2 e5 10. Bg3 O-O 11. Bf2 Nc6 12. d5 Nd8 13. Qc2 c6 14. O-O-O cxd5 15. cxd5 Bd7 16. Kb1 Rc8 17. h5 g5 18. Ng3 e4 19. Qb3 Nf7 20. Bb5 exf3 21. gxf3 Ne5 22. Bxd7 Nfxd7 23. f4 Nc5 24. Qc2 Nc4 25. Nxf5 Qf6 26. Nxg7 Qxg7 27. Rhg1 Nxa3+ 28. bxa3 Na4 29. Qxa4 Rxc3 30. Qd4 Qc7 31. Rc1 Rxc1+ 32. Rxc1 Qa5 33. Kb2 Qb5+ 34. Ka1 Qe2 35. Be1 gxf4 36. Bc3 Kf7 37. Qf6+ Ke8 38. Qe6+ Kd8 39. Ba5+ 1-0


[Site "https://www.chess.com"]

[Event "Titled Tuesday Blitz January 11 2022"]
[White "Yoo, Christopher Woojin"]
[Black "Svane, Rasmus"]
[WhiteFideId "30909694"]
[BlackFideId "4657101"]
[WhiteElo "2105"]
[BlackElo "2645"]
[Result "0-1"]
[Round "08"]
[TimeControl "180+1"]
[Date "2022.01.11"]
[WhiteClock "0:00:11"]
[BlackClock "0:00:47"]

1. e4 c6 2. Nf3 d5 3. d3 dxe4 4. dxe4 Qxd1+ 5. Kxd1 Nf6 6. Nbd2 g6 7. Ne1 Bh6 8. f3 Be6 9. Nd3 Nbd7 10. Nb3 Bxc1 11. Kxc1 Bc4 12. Ndc5 Bxb3 13. Nxb3 e6 14. a4 g5 15. Nd2 Ne5 16. Ra3 Ke7 17. Rb3 Rab8 18. Be2 h5 19. Rf1 b6 20. a5 b5 21. g3 Ned7 22. f4 gxf4 23. gxf4 a6 24. e5 Nd5 25. Ne4 Rbg8 26. c4 bxc4 27. Bxc4 Rb8 28. Rg3 h4 29. Rh3 Rhg8 30. Rxh4 Ne3 31. f5 Nxf1 32. f6+ Kd8 33. Bxf1 Rg1 34. Rf4 Rb4 35. Kd2 Rxf1 36. Rxf1 Rxe4 37. Rg1 Nxe5 38. Rg8+ Kc7 39. Ra8 Rh4 40. Rxa6 Nc4+ 41. Kc3 Kb7 0-1


[Site "https://www.chess.com"]